 Dungeon Crawl Stone Soup version 0.30-a0-782-ge64f9170bb (webtiles) character file.

Game seed: 16237273567379739848

30408 theswoord the Severer (level 13, 0/104 HPs)
             Began as a Demonspawn Gladiator on Feb 24, 2023.
             Was a High Priest of Kikubaaqudgha.
             Slain by a merfolk
             ... wielding a +0 trident
              (12 damage)
             ... on level 3 of the Lair of Beasts.
             The game lasted 00:24:35 (13621 turns).

theswoord the Severer (Demonspawn Gladiator)       Turns: 13621, Time: 00:24:36

Health: 0/104      AC: 18    Str: 17    XL:     13   Next: 20%
Magic:  4/4        EV: 13    Int: 11    God:    Kikubaaqudgha [*****.]
Gold:   979        SH:  4    Dex: 20    Spells: 2/12 levels left

rFire   + . .      SeeInvis .    C - +5 battleaxe of Hyuzom {antimagic, rElec rPois rF+ Str-2}
rCold   . . .      Faith    .    (shield currently unavailable)
rNeg    . . .      Spirit   .    J - +0 steam dragon scales
rPois   +          Reflect  .    c - +1 helmet
rElec   +          Harm     .    f - +0 cloak {Will+}
rCorr   .          Rampage  .    (no gloves)
Will    +....                    (no boots)
Stlth   ++                       (no amulet)
HPRegen 0.37/turn                p - +6 ring of dexterity
MPRegen 0.09/turn                (no ring)

@: mesmerised
A: claws 2, icy blue scales 1, icemail 2, powered by pain 1, condensation shield
a: Renounce Religion, Unearth Wretches, Torment


You were on level 3 of the Lair of Beasts.
You worshipped Kikubaaqudgha.
Kikubaaqudgha was extremely pleased with you.
You visited 3 branches of the dungeon, and saw 15 of its levels.

You collected 979 gold pieces.

Inventory:

Hand Weapons
 a - a +1 war axe of venom
 h - a +2 hand axe of flaming
 r - a +1 war axe of flaming
 y - the +6 hand axe of the Devouring Asp {speed, *Noise rPois rF+ Dex+2}
   (You found it on level 4 of the Dungeon)

   Dex:       It affects your dexterity (+2).
   rF:        It protects you from fire.
   rPois:     It protects you from poison.
   *Noise:    It may make noises in combat.
 B - a +2 hand axe of flaming
 C - the +5 battleaxe of Hyuzom (weapon) {antimagic, rElec rPois rF+ Str-2}
   (You acquired it on level 10 of the Dungeon)

   Str:       It affects your strength (-2).
   rF:        It protects you from fire.
   rElec:     It insulates you from electricity.
   rPois:     It protects you from poison.
 Q - a +1 war axe of flaming
Missiles
 e - a javelin
Armour
 b - a +0 leather armour
 c - a +1 helmet (worn)
 f - a +0 cloak of willpower (worn)
 z - a +0 scale mail
 H - a +0 troll leather armour
 J - +0 steam dragon scales (worn)
Jewellery
 p - a +6 ring of dexterity (left claw)
 K - a ring of protection from fire
 M - an amulet of magic regeneration
 R - a +4 ring of protection
Wands
 A - a wand of paralysis (10)
 F - a wand of roots (9)
Scrolls
 i - 7 scrolls of teleportation
 j - 2 scrolls of immolation
 n - 3 scrolls of vulnerability
 o - 6 scrolls of amnesia
 q - 2 scrolls of poison
 t - a scroll of enchant armour
 x - 7 scrolls of enchant weapon
 E - a scroll of fear
 I - 4 scrolls of identify
 L - a scroll of fog
 N - a scroll of summoning
Potions
 d - 2 potions of might
 g - 4 potions of lignification
 k - a potion of cancellation
 l - 3 potions of brilliance
 m - 7 potions of curing
 s - 2 potions of flight
 u - 2 potions of resistance
 v - 4 potions of attraction
 w - a potion of degeneration
 D - 2 potions of mutation
 G - a potion of magic
 O - a potion of invisibility
 P - 4 potions of ambrosia


   Skills:
 + Level 10.3 Fighting
 + Level 15.2 Axes
 - Level 1.7 Throwing
 + Level 2.3 Armour
 - Level 2.6 Dodging
 + Level 12.8 Necromancy


You had 2 spell levels left.
You knew the following spells:

 Your Spells              Type           Power      Damage    Failure   Level
a - Animate Dead          Necr           28%        N/A       1%          4
b - Death Channel         Necr           14%        N/A       28%         6

Your spell library contained the following spells:

 Spells                   Type           Power      Damage    Failure   Level
 Necrotise                Necr           100%       1d9       1%          1
 Cigotuvi's Dreadful Rot  Necr/Pois/Air  18%        N/A       10%         2
 Sting                    Tmut/Pois      0%         1d3       34%         1
 Summon Small Mammal      Summ           0%         N/A       34%         1
 Poisonous Vapours        Pois/Air       0%         N/A       47%         2
 Scorch                   Fire           0%         2d5       47%         2
 Vampiric Draining        Necr           28%        2d8       1%          3
 Agony                    Necr           28%        N/A       4%          5
 Anguish                  Hex/Necr       7%         N/A       26%         4
 Borgnjor's Vile Clutch   Necr/Erth      7%         N/A       56%         5
 Call Canine Familiar     Summ           0%         N/A       71%         3
 Frozen Ramparts          Ice            0%         1d1       71%         3
 Summon Guardian Golem    Hex/Summ       0%         N/A       71%         3
 Flame Wave               Conj/Fire      0%         2d4       98%         4
 Olgreb's Toxic Radiance  Pois           0%         N/A       98%         4
 Metabolic Englaciation   Hex/Ice        0%         N/A       100%        5
 Summon Cactus Giant      Summ           0%         N/A       100%        6
 Discord                  Hex            0%         N/A       100%        8


Dungeon Overview and Level Annotations

Branches:
Dungeon (11/15)            Temple (1/1) D:5            Lair (3/5) D:10
    Orc (0/2) D:10
  Swamp: Lair:2-3    Shoals: Lair:2-3     Snake: Lair:2-3    Spider: Lair:2-3

Altars:
Ashenzari
Fedhas
Hepliaklqana
Kikubaaqudgha
Okawaru
Ru
Sif Muna
Xom
Yredelemnul

Shops:
D:7 (   D:8 [


Innate Abilities, Weirdness & Mutations

You have very sharp fingernails.
You are partially covered in icy blue scales. (AC +2)
A meltable icy envelope protects you from harm. (AC +8)
You sometimes gain a little power by taking damage.
A meltable shield of frost defends you. (SH +4)


Message History

You kill the wolf!
Kikubaaqudgha accepts your kill.
The merfolk hits you from afar with a +0 trident!
* * * LOW HITPOINT WARNING * * *
Your hell rat zombie bites the wolf!
The merfolk siren chants its luring song.
The wolf bites you but does no damage. The merfolk barely misses you.
You slash the wolf!
You kill the wolf!
Kikubaaqudgha accepts your kill.
You slice the wolf!!
You kill the wolf!
Kikubaaqudgha accepts your kill.
The merfolk hits you from afar with a +0 trident!
* * * LOW HITPOINT WARNING * * *
You swap places.
The merfolk hits you with a +0 trident.
* * * LOW HITPOINT WARNING * * *
The merfolk siren chants its luring song.
The merfolk hits you but does no damage.
Things that are here:
a +0 trident; a merfolk corpse You slice the merfolk!!
You completely miss the merfolk. The merfolk hits you with a +0 trident.
* * * LOW HITPOINT WARNING * * *
The merfolk siren chants its luring song.
The merfolk hits you with a +0 trident.
* * * LOW HITPOINT WARNING * * *
Your yak zombie gores the merfolk.
Your hell rat zombie barely misses the merfolk.
You slash the merfolk! x2; The merfolk barely misses you.
The merfolk hits you with a +0 trident!
* * * LOW HITPOINT WARNING * * *
Your hell rat zombie misses the merfolk.
Your yak zombie barely misses the merfolk.
You feel better.
The merfolk siren chants its luring song.
The merfolk hits your yak zombie with a +0 trident!
The merfolk hits you with a +0 trident!
You die...
Kikubaaqudgha rasps: "You have failed me!
Welcome... death!"

#....## + #.....+ #~# ..
.##.....#+## ~~ .# ..#
.......P#..## .~##.##P.#
............## ~.#..P..#
.............# .~#......
.............###m.......
........Z.......mm......
......###.P..###@ZZ.....
.....Z###ZP####ZZ†....#.
P.....##.....ZZ#.†...##
###...##......#..†...#
#.....#......##.....#
##..Z#........#......#
#Z...........#.....##
#...###.#..........#
#....##..##..#.....# ##


You could see 2 merfolk, a merfolk siren (mesmerising), 2 friendly rat zombies,
a friendly hell rat zombie and 3 friendly yak zombies.

Vanquished Creatures
  A hydra (Lair:2)
  A boulder beetle (Lair:2)
  3 two-headed ogres
  3 death yaks (D:10)
  A deep elf pyromancer (D:10)
  2 cyclopes (D:11)
  A manticore (D:11)
  A black mamba (Lair:2)
  2 elephants (Lair:2)
  A torpor snail (Lair:1)
  5 cane toads
  2 komodo dragons
  A rime drake (Lair:3)
  An unseen horror (D:11)
  A tengu conjurer (D:10)
  A troll (D:11)
  A polar bear (Lair:1)
  A queen bee (Lair:1)
  Grinder (D:3)
  3 dream sheep
  Sigmund (D:3)
  2 shadows
  A vampire (D:9)
  A wyvern (D:10)
  38 yaks
  3 basilisks
  Eustachio (D:4)
  2 steam dragons
  6 vampire mosquitoes (D:11)
  An acid dragon (D:10)
  2 water moccasins
  4 orc warriors
  3 ice beasts
  4 black bears
  4 ogres
  3 wolves (Lair:3)
  8 centaurs
  5 phantoms
  11 bullfrogs
  A necrophage (D:5)
  A scorpion (D:5)
  8 wights
  28 killer bees
  4 howler monkeys
  7 orc priests
  A gnoll bouda (D:7)
  4 hounds
  A jelly (D:6)
  Crazy Yiuf (D:3)
  2 iguanas (D:5)
  Terence (D:2)
  9 orc wizards
  Natasha (twice) (D:2)
  3 hell rats
  4 river rats
  5 adders
  6 gnolls
  3 shadow imps
  A white imp (D:6)
  A worm (D:2)
  A dart slug (D:3)
  23 orcs
  4 bats
  8 endoplasms
  2 giant cockroaches
  7 goblins
  7 hobgoblins
  3 quokkas
  10 ball pythons
  4 frilled lizards
  4 kobolds
  11 rats
310 creatures vanquished.

Vanquished Creatures (collateral kills)
  A two-headed ogre (D:10)
  A tengu warrior (D:10)
  A boulder beetle (Lair:2)
  3 elephants (Lair:2)
  A cane toad (Lair:2)
  2 komodo dragons
  A merfolk (Lair:3)
  2 yaks
  A water moccasin (Lair:3)
  A wolf (Lair:3)
  A bullfrog (Lair:1)
  A gnoll sergeant (D:10)
  3 killer bees (Lair:1)
  A hell rat (Lair:3)
  A river rat (D:10)
  A rat (D:10)
  3 butterflies
25 creatures vanquished.

Vanquished Creatures (others)
  A centaur (D:10)
  A scorpion (D:6)
  3 yak zombies
  A queen bee zombie (Lair:1)
  A bullfrog zombie (Lair:2)
  2 centaur zombies (D:10)
  An orc wizard (D:11)
  7 killer bee zombies
  A hell rat zombie (Lair:3)
  A river rat zombie (Lair:3)
  A rat zombie (Lair:3)
  19 fungi
  30 plants
69 creatures vanquished.

Grand Total: 404 creatures vanquished

Notes
Turn   | Place    | Note
-------+----------+-------------------------------------------
     0 | D:1      | theswoord the Demonspawn Gladiator began the quest for the
                  | Orb.
     0 | D:1      | Reached XP level 1. HP: 16/16 MP: 1/1
   166 | D:1      | Reached skill level 3 in Axes
   312 | D:1      | Gained mutation: You have sharp fingernails. [demonic
                  | ancestry]
   312 | D:1      | Reached XP level 2. HP: 22/22 MP: 2/2
   605 | D:2      | Noticed Terence
   616 | D:2      | Killed Terence
   617 | D:2      | Reached skill level 4 in Axes
   617 | D:2      | Gained mutation: A meltable shield of frost defends you.
                  | (SH +4) [demonic ancestry]
   617 | D:2      | Reached XP level 3. HP: 11/27 MP: 3/3
   808 | D:2      | Noticed Natasha
   816 | D:2      | Killed Natasha
   817 | D:2      | Gained mutation: A meltable icy envelope protects you from
                  | harm. (AC +8) [demonic ancestry]
   817 | D:2      | Reached XP level 4. HP: 24/33 MP: 4/4
  1008 | D:2      | Noticed Natasha
  1012 | D:2      | Killed Natasha
  1013 | D:2      | Reached skill level 5 in Axes
  1194 | D:2      | Reached XP level 5. HP: 32/38 MP: 5/5
  1992 | D:3      | Found a runed translucent door.
  1993 | D:3      | Noticed Crazy Yiuf
  2021 | D:3      | Noticed Sigmund
  2031 | D:3      | Killed Sigmund
  2032 | D:3      | Reached skill level 6 in Axes
  2032 | D:3      | Gained mutation: You sometimes gain a little power by
                  | taking damage. [demonic ancestry]
  2032 | D:3      | Reached XP level 6. HP: 26/44 MP: 6/6
  2455 | D:3      | Noticed Grinder
  2472 | D:3      | Killed Grinder
  2473 | D:3      | Reached skill level 7 in Axes
  2473 | D:3      | Gained mutation: A meltable icy envelope protects you from
                  | harm. (AC +8) [demonic ancestry]
  2473 | D:3      | Reached XP level 7. HP: 50/50 MP: 7/7
  2631 | D:3      | Killed Crazy Yiuf
  2901 | D:4      | Noticed Eustachio
  2923 | D:4      | Killed Eustachio
  2924 | D:4      | Reached skill level 8 in Axes
  3159 | D:4      | Identified the +6 hand axe of the Devouring Asp {speed,
                  | *Noise rPois rF+ Dex+2}
  3252 | D:5      | Entered Level 5 of the Dungeon
  3280 | D:5      | Noticed a yak
  3280 | D:5      | Noticed a yak
  3320 | D:5      | Noticed a yak
  3323 | D:5      | Killed a yak
  3324 | D:5      | Noticed a yak
  3324 | D:5      | Noticed a yak
  3341 | D:5      | Killed a yak
  3342 | D:5      | Reached skill level 9 in Axes
  3342 | D:5      | Gained mutation: You have very sharp fingernails. [demonic
                  | ancestry]
  3342 | D:5      | Reached XP level 8. HP: 37/56 MP: 8/8
  3350 | D:5      | Reached skill level 10 in Axes
  3513 | D:5      | Reached skill level 11 in Axes
  3643 | D:5      | Found a staircase to the Ecumenical Temple.
  3654 | D:5      | Identified the +3 short sword of Plague {protect, Str+2}
  3658 | Temple   | Entered the Ecumenical Temple
  3711 | Temple   | Became a worshipper of Kikubaaqudgha
  3745 | D:5      | Reached XP level 9. HP: 61/61 MP: 9/9
  3782 | D:5      | Reached skill level 1 in Necromancy
  4406 | D:6      | Reached * piety under Kikubaaqudgha
  4406 | D:6      | Received a gift from Kikubaaqudgha
  4426 | D:6      | Learned a level 4 spell: Animate Dead
  4508 | D:6      | Found a shimmering blue altar of Sif Muna.
  4523 | D:6      | You fall into a shaft and drop 1 floor!
  4788 | D:7      | Found Eloac's Antique Weapon Boutique.
  4797 | D:7      | Reached skill level 12 in Axes
  4797 | D:7      | Reached skill level 5 in Necromancy
  4923 | D:7      | Found Uphogg's Armour Boutique.
  5665 | D:8      | Gained mutation: You are partially covered in icy blue
                  | scales. (AC +2) [demonic ancestry]
  5665 | D:8      | Reached XP level 10. HP: 60/67 MP: 10/10
  5807 | D:8      | Reached ** piety under Kikubaaqudgha
  6025 | D:8      | Found a basalt altar of Yredelemnul.
  6026 | D:8      | Found a blossoming altar of Fedhas.
  6026 | D:8      | Found an iron altar of Okawaru.
  6027 | D:8      | Found a broken altar of Ashenzari.
  6082 | D:8      | Found Umeunaro's Armour Shop.
  6089 | D:8      | Identified the +3 spear "Pyeg" {drain, rPois rF+ Dex+3}
  6408 | D:9      | Reached skill level 13 in Axes
  6848 | D:9      | Got the Excursus on Charming Frostbite
  6915 | D:9      | Reached skill level 5 in Fighting
  7057 | D:10     | Entered Level 10 of the Dungeon
  7060 | D:10     | Reached *** piety under Kikubaaqudgha
  7060 | D:10     | Received a gift from Kikubaaqudgha
  7082 | D:10     | Reached XP level 11. HP: 64/80 MP: 7/11
  7200 | D:10     | Found a staircase to the Orcish Mines.
  7246 | D:10     | Noticed a two-headed ogre
  7260 | D:10     | Noticed a two-headed ogre
  7269 | D:10     | Killed a two-headed ogre
  7291 | D:10     | Killed a two-headed ogre
  7484 | D:10     | Noticed a death yak
  7485 | D:10     | Noticed a death yak
  7486 | D:10     | Noticed a death yak
  7540 | D:10     | Killed a death yak
  7569 | D:10     | Killed a death yak
  7588 | D:10     | Killed a death yak
  7745 | D:10     | Found a staircase to the Lair.
  7851 | D:10     | Noticed a deep elf pyromancer
  7860 | D:10     | Killed a deep elf pyromancer
  7976 | D:10     | Reached skill level 10 in Necromancy
  8277 | D:10     | Noticed a tengu warrior
  8299 | D:10     | Killed a tengu warrior
  8300 | D:10     | Reached skill level 14 in Axes
  8301 | D:10     | Reached **** piety under Kikubaaqudgha
  8601 | D:10     | Noticed a two-headed ogre
  8614 | D:10     | Killed a two-headed ogre
  8918 | D:10     | Identified a scroll of acquirement
  8918 | D:10     | Acquired the +5 battleaxe of Hyuzom {antimagic, rElec rPois
                  | rF+ Str-2}
  9010 | D:11     | Reached XP level 12. HP: 92/92 MP: 4/12
 10016 | D:11     | Noticed a two-headed ogre
 10025 | D:11     | Killed a two-headed ogre
 10673 | Lair:1   | Entered Level 1 of the Lair of Beasts
 11733 | Lair:1   | Reached ***** piety under Kikubaaqudgha
 12183 | Lair:2   | Reached skill level 15 in Axes
 12516 | Lair:2   | Reached skill level 10 in Fighting
 12596 | Lair:2   | Noticed an eight-headed hydra
 12598 | Lair:2   | Noticed a boulder beetle
 12605 | Lair:2   | Killed a four-headed hydra
 12606 | Lair:2   | Reached skill level 1 in Armour
 12606 | Lair:2   | Reached XP level 13. HP: 71/103 MP: 4/13
 12632 | Lair:2   | HP: 3/103 [boulder beetle (13)]
 13533 | Lair:3   | Learned a level 6 spell: Death Channel
 13621 | Lair:3   | Slain by a merfolk

Skill      XL: |  1  2  3  4  5  6  7  8  9 10 11 12 13 |
---------------+----------------------------------------+-----
Axes           | 3 4 5 6 7 9 11 12 13 14 15 | 15.2
Necromancy     | 6 8 10 12 | 12.8
Fighting       | 5 7 10 | 10.3
Armour         | 1 2 |  2.3
Throwing       | |  1.7
Dodging        | |  2.6

Action                     |  1- 3 |  4- 6 |  7- 9 | 10-12 | 13-15 || total
---------------------------+-------+-------+-------+-------+-------++-------
  Melee: War axe           |    67 |    78 |    35 |     4 |     2 ||   186
         Punch             |       |     1 |     4 |     6 |       ||    11
         Hand axe          |       |       |   259 |   504 |       ||   763
         Battleaxe         |       |       |       |   273 |    59 ||   332
  Throw: Throwing net      |     1 |     1 |     2 |     2 |       ||     6
   Cast: Animate Dead      |       |       |       |    11 |     1 ||    12
    Use: Scroll            |     4 |     4 |    11 |     9 |     1 ||    29
         Potion            |       |     3 |     1 |     3 |     4 ||    11
   Stab: Sleeping          |     1 |       |     1 |     4 |       ||     6
         Held in net/web   |       |     1 |     2 |     2 |       ||     5
         Distracted        |       |       |       |     6 |       ||     6
 Armour: Leather armour    |    25 |    22 |   100 |       |       ||   147
         Skin              |       |     3 |       |       |       ||     3
         Scale mail        |       |       |     4 |    46 |       ||    50
         Steam dragon scal |       |       |       |   229 |    30 ||   259
  Dodge: Dodged            |    40 |    44 |   125 |   353 |    29 ||   591
  Block: Other             |     4 |    16 |    27 |    92 |     2 ||   141

Levels and vault maps discovered:
D:1:      tarquinn_simple_flora_water_f, layout_loops_ring
D:2:      layout_loops_ring, serial_bayou_lagoon_a, serial_bayou_crossing,
          uniq_terence, uniq_natasha
D:3:      minmay_spotlight, layout_loops_corners, kennysheep_cluttered_room,
          uniq_grinder, uniq_crazy_yiuf_cottage, uniq_sigmund
D:4:      layout_basic, uniq_eustachio
D:5:      layout_rooms, minmay_temple_entry_slanted
D:6:      layout_cave_pools, led_sif_book, pdpol_wu_jian_five_deadly_venoms,
          minmay_misc_feat_alley, lemuel_flamethrower_2
D:7:      wad_pebble_path, layout_basic, serial_shops, shop,
          nicolae_stop_n_shop_1
D:8:      layout_rooms, chequers_temple_overflow_statue_of_worship,
          serial_shops, nicolae_shop_advertising_works
          [nicolae_subvault_shop_adworks], kennysheep_generic_room_11
D:9:      layout_roguey, chequers_serial_rivers_large_a
D:10:     minmay_thick_lines, layout_gridville, dpeg_lair_monsters, orc_0_dummy,
          minmay_starry_boxes
D:11:     layout_basic, gauntlet_entry_generic
Temple:   nicolae_temple_slightly_damp_pantheon
Lair:1:   layout_roguey [special_room_bee], guppyfry_lair_drakes,
          grunt_megastairs_1, lemuel_fruit_fields
Lair:2:   layout_misc_corridors, nzn_sisyphean_effort,
          infiniplex_staircase_pool_2, grunt_megastairs_4, serial_bayou_shore_b,
          lemuel_fruit_fields
Lair:3:   layout_regular_city, elwin_shoals_entry_stream,
          guppyfry_snake_entry_island, kennysheep_abandoned_house, uniq_kirke
